 Dungeon Crawl Stone Soup version 0.31-a0-675-g238779eb0a (webtiles) character file.

Game seed: 13389217358323517522

158 freelancePsychic the Sneak (level 5, -4/32 HPs)
             Began as a Deep Elf Brigand on Sept 5, 2023.
             Slain by an ogre
             ... wielding a +0 giant club
              (6 damage)
             ... on level 5 of the Dungeon.
             The game lasted 00:05:18 (3428 turns).

freelancePsychic the Sneak (Deep Elf Brigand)       Turns: 3428, Time: 00:05:19

Health: -4/32      AC: 14    Str:  8    XL:     5   Next: 16%
Magic:  7/7        EV: 12    Int: 16    God:
Gold:   192        SH:  0    Dex: 24    Spells: 4/4 levels left

rFire   . . .        a - +2 hand cannon (elec)
rCold   . . .        (no shield)
rNeg    . . .        x - +3 leather armour
rPois   .            B - +0 helmet
rElec   .            c - +0 cloak
rCorr   .            r - +2 pair of gloves
SInv    +            w - +2 pair of boots
Will    .....        (no amulet)
Stlth   +++          q - +6 ring of dexterity
HPRegen 0.25/turn    z - ring of see invisible
MPRegen 0.10/turn

%: no passive effects
@: no status effects
A: no striking features
a: no special abilities


You were on level 5 of the Dungeon.
You visited 1 branch of the dungeon, and saw 5 of its levels.

You collected 192 gold pieces.

Inventory:

Hand Weapons
 a - a +2 hand cannon of electrocution (weapon)
 b - a +0 sling
 j - a +2 dagger
Missiles
 d - 35 poisoned darts
 e - 3 curare-tipped darts
 o - 2 throwing nets
Armour
 c - a +0 cloak (worn)
 r - a +2 pair of gloves (worn)
 w - a +2 pair of boots (worn)
 x - a +3 leather armour (worn)
 B - a +0 helmet (worn)
Jewellery
 k - an amulet of faith
 q - a +6 ring of dexterity (left hand)
 s - an amulet of magic regeneration
 z - a ring of see invisible (right hand)
Wands
 f - a wand of flame (10)
Scrolls
 i - a scroll of revelation {unknown}
 t - a scroll of poison
 u - a scroll of enchant armour {unknown}
 y - a scroll of enchant weapon {unknown}
 A - a scroll of butterflies {unknown}
Potions
 g - a potion of curing {unknown}
 h - a potion of brilliance {unknown}
 l - 3 potions of heal wounds {@q2}
 m - a potion of haste {unknown}
 p - a potion of cancellation {unknown}
 v - 2 potions of lignification {unknown}


   Skills:
 + Level 3.0 Fighting
 - Level 2.0 Short Blades
 * Level 4.8 Ranged Weapons
 - Level 2.0 Throwing
 + Level 1.8 Dodging
 - Level 4.8 Stealth


You had 4 spell levels left.
You didn't know any spells.
Your spell library contained the following spells:

 Spells                   Type           Power      Damage    Failure   Level
 Poisonous Vapours        Pois/Air       0%         N/A       50%         2
 Dazzling Flash           Conj/Hex       0%         N/A       73%         3
 Mephitic Cloud           Conj/Pois/Air  0%         N/A       73%         3
 Agony                    Necr           0%         N/A       100%        5
 Freezing Cloud           Conj/Ice/Air   0%         6-21      100%        5
 Silence                  Hex/Air        0%         N/A       100%        5


Dungeon Overview and Level Annotations

Branches:
Dungeon (5/15)
 Temple: D:4-7

Altars:
Makhleb

Shops:
D:4 *

Annotations:
D:4 1 runed translucent door, jlumianski's ghost, novice GnCA
D:5 Blork the orc; Edmund


Message History

Search for what [Enter for "helm", or ? for help]?
Okay, then.
Unknown command.
There is a stone staircase leading down here.
You climb downwards.
Found a glowing sapphire potion.
There is a stone staircase leading up here.
There are monsters nearby!
You shoot a bolt. The bolt hits the ice beast.
The ice beast is lightly wounded.
The iguana hisses angrily.
The ogre shouts!
The hound barks!
You hear a shout! x4
Edmund the Younger comes into view.
He is wielding a +4 dire flail of protection.
Blork the orc comes into view.
He is wielding a +2 flail of protection.
A shadow imp comes into view.
You shoot a bolt. The bolt hits the ice beast!!
The ice beast is almost dead.
Edmund gestures with his flail.
You climb upwards.
Level annotation: 1 runed translucent door, jlumianski's ghost, novice GnCA
There is a stone staircase leading down here.
There's nothing to close nearby.
You climb downwards.
Level annotation: Blork the orc; Edmund The hound misses you.
The ice beast hits you but does no damage.
The iguana bites you but does no damage.
The ogre hits you with a +0 giant club!
Blork the orc points at you and mumbles some strange words.
The puff of frost hits you but does no damage.
The shadow imp gestures at you. Pain shoots through your body!
The hound barely misses you.
A scorpion comes into view.
There is a stone staircase leading up here.
The hound bites you but does no damage. The ice beast hits you.
The ice beast freezes you.
Edmund hits you with a +4 dire flail of protection.
The iguana bites you!
* * * LOW HITPOINT WARNING * * *
The ogre hits you with a +0 giant club.
You die...

#...!..##
###.......###
#...........
..#........##
s....5.o....
###.......#
..........####.
#...Y@O......
#...@hl.#...#
#.......# .
#.......#
#########


You could see Edmund, Blork the orc, an ice beast, an ogre, a scorpion
(wandering), an iguana, a hound and a shadow imp.

Vanquished Creatures
  An iguana (D:3)
  Terence (D:3)
  Robin (D:2)
  3 adders
  3 worms
  A dart slug (D:3)
  8 endoplasms
  2 giant cockroaches
  11 goblins
  4 hobgoblins
  3 kobolds
  4 quokkas
  3 ball pythons
  5 bats (D:2)
  8 frilled lizards
  6 rats
64 creatures vanquished.

Notes
Turn   | Place    | Note
-------+----------+-------------------------------------------
     0 | D:1      | freelancePsychic the Deep Elf Brigand began the quest for
                  | the Orb.
     0 | D:1      | Reached XP level 1. HP: 12/12 MP: 3/3
    11 | D:1      | Noticed an electric eel
    49 | D:1      | Reached skill level 1 in Ranged Weapons
   162 | D:1      | Reached XP level 2. HP: 15/17 MP: 4/4
  1015 | D:2      | Reached XP level 3. HP: 20/21 MP: 5/5
  1314 | D:2      | Noticed Robin
  1318 | D:2      | Identified a scroll of acquirement
  1318 | D:2      | Acquired a +2 hand cannon of electrocution
  1524 | D:2      | Killed Robin
  1525 | D:2      | Reached XP level 4. HP: 27/27 MP: 6/6
  1937 | D:3      | Noticed Terence
  1941 | D:3      | Killed Terence
  1981 | D:3      | Reached XP level 5. HP: 32/32 MP: 7/7
  2501 | D:4      | Found a burning altar of Makhleb.
  2722 | D:4      | Found a runed translucent door.
  2822 | D:4      | Found Lorefiqys's General Store.
  3019 | D:4      | Noticed jlumianski's ghost (novice GnCA)
  3421 | D:5      | Entered Level 5 of the Dungeon
  3421 | D:5      | Noticed an ogre
  3421 | D:5      | Noticed an ice beast
  3422 | D:5      | Noticed Edmund
  3422 | D:5      | Noticed Blork the orc
  3428 | D:5      | Slain by an ogre

Illustrated notes

Levels and vault maps discovered:
D:1:      arrival_aquarium_a, layout_basic
D:2:      layout_loops_ring, uniq_robin
D:3:      layout_basic, uniq_terence
D:4:      layout_basic, bloody_makhleb, serial_shops,
          nicolae_inconvenience_store, serial_glass, glass_columns_c,
          glass_columns_b, glass_columns_b, glass_columns_a, feat_on_display,
          due_unseen_surprise, feat_on_display, ebering_ghost_sewer_d
D:5:      layout_rooms, serial_shops, nicolae_shop_behind_doors,
          uniq_blork_the_orc, uniq_sigmund, uniq_edmund

Skill      XL: |  1  2  3  4  5 |
---------------+----------------+-----
Ranged Weapons | 1 2 3 4 |  4.8
Fighting       | 2 3 |  3.0
Short Blades   | |  2.0
Throwing       | |  2.0
Dodging        | |  1.8
Stealth        | |  4.8

Action                     |  1- 3 |  4- 6 || total
---------------------------+-------+-------++-------
  Melee: Dagger            |    48 |       ||    48
   Fire: Sling             |    69 |       ||    69
         Hand cannon       |     9 |    41 ||    50
  Throw: Dart              |    10 |       ||    10
    Use: Scroll            |     3 |     1 ||     4
         Potion            |     2 |       ||     2
   Stab: Sleeping          |     8 |       ||     8
         Distracted        |     1 |       ||     1
 Armour: Robe              |     9 |       ||     9
         Leather armour    |    32 |    12 ||    44
  Dodge: Dodged            |    48 |    12 ||    60

Table legend: (Time is in decaauts)
 A = Elapsed time spent in this place.
 B = Non-inter-level travel time spent in this place.
 C = Inter-level travel time spent in this place.
 D = Time resting spent in this place.
 E = Time spent auto-exploring this place.
 F = Levels seen in this place.
 G = Mean time per level.
                   A        B        C        D        E       F      G
               +--------+--------+--------+--------+--------+-----+--------+
         Total |   3476 |   3194 |    282 |      0 |   2547 |   5 |  695.2 |
       Dungeon |   3476 |   3194 |    282 |      0 |   2547 |   5 |  695.2 |
               +--------+--------+--------+--------+--------+-----+--------+

Top non-repeatable levels by time:
     D:2: 1039 daAuts
     D:4: 927 daAuts
     D:1: 751 daAuts
     D:3: 750 daAuts
     D:5: 6 daAuts
